 Dungeon Crawl Stone Soup version 0.30-a0-852-g08b95dd62f (webtiles) character file.

Game seed: 10912691641629350077

15 Demosthentine the Poker (level 2, 22/22 HPs)
             Began as a Demonspawn Gladiator on Mar 5, 2023.
             Got out of the dungeon alive.
             The game lasted 00:00:36 (748 turns).

Demosthentine the Poker (Demonspawn Gladiator)       Turns: 748, Time: 00:00:37

Health: 22/22      AC:  4    Str: 14    XL:     2   Next: 34%
Magic:  2/2        EV: 12    Int:  9    God:
Gold:   5          SH:  0    Dex: 14    Spells: 1/1 levels left

rFire   . . .      SeeInvis .    a - +0 trident
rCold   . . .      Faith    .    (no shield)
rNeg    . . .      Spirit   .    b - +0 leather armour
rPois   .          Reflect  .    c - +0 helmet
rElec   .          Rampage  .    (no cloak)
rCorr   .                        (no gloves)
Will    .....                    (no boots)
Stlth   +                        (no amulet)
HPRegen 0.23/turn                (no ring)
MPRegen 0.08/turn                (no ring)

@: no status effects
A: claws 1
a: no special abilities


You escaped.
You visited 1 branch of the dungeon, and saw 1 of its levels.

You collected 5 gold pieces.

Inventory:

Hand Weapons
 a - a +0 trident (weapon)
Missiles
 d - 3 throwing nets (quivered)
 e - a javelin
Armour
 b - a +0 leather armour (worn)
 c - a +0 helmet (worn)
Scrolls
 g - a scroll of vulnerability {unknown}
 k - a scroll of amnesia {unknown}
Potions
 f - 2 potions of cancellation {unknown}
 h - a potion of might {unknown}
 i - 2 potions of flight {unknown}
 j - a potion of invisibility {unknown}
 l - a potion of heal wounds {unknown}
 m - a potion of attraction {unknown}


   Skills:
 + Level 2.2 Fighting
 + Level 2.9 Polearms
 - Level 1.7 Throwing
 + Level 0.7 Armour
 + Level 2.9 Dodging


You had one spell level left.
You didn't know any spells.
Your spell library contained the following spells:

 Spells                   Type           Power      Damage    Failure   Level
 Sublimation of Blood     Necr           0%         N/A       61%         2
 Petrify                  Tmut/Erth      0%         N/A       99%         4
 Irradiate                Conj/Tmut      0%         3d11      100%        5


Dungeon Overview and Level Annotations

Branches:
Dungeon (1/15)

Altars:


Innate Abilities, Weirdness & Mutations

You have sharp fingernails.


Message History

You hit the jackal.
You kill the jackal!
The jackal bites you. x2
You closely miss the jackal.
The jackal bites you but does no damage. x2
The jackal misses you.
You barely miss the jackal.
The jackal bites you but does no damage.
The jackal closely misses you. The jackal barely misses you.
The jackal bites you.
You barely miss the jackal. The jackal bites you.
The jackal closely misses you. The jackal bites you.
You hit the jackal. Your claw misses the jackal.
The jackal is moderately wounded.
The jackal closely misses you. The jackal barely misses you.
The jackal bites you.
You are too injured to fight recklessly!
You are too injured to fight recklessly!
You are too injured to fight recklessly!
You are too injured to fight recklessly!
You puncture the jackal!
You kill the jackal!
The jackal bites you.
The jackal bites you but does no damage.
The jackal closely misses you.
Things that are here:
a jackal corpse; a jackal corpse You hit the jackal.
You kill the jackal!
You see here a jackal corpse.
Things that are here:
a jackal corpse; a jackal corpse
f - 2 coppery potions (gained 1)
Press: ? - help, . - travel You can't see that place. [a staircase leading out of the dungeon.]
There is an open door here.
There is a staircase leading out of the dungeon here.
Are you sure you want to leave the Dungeon?
This will make you lose the game!
You have escaped!

#+###'#.......##.#..
#.~#~.#.##....'.....
#.~~~.#.##....####..
#.~8~.#...[.........
#....|#.............
#########
#♣...♣#.##########..
#.......#
#P♣.♣P#..........#..
####.......#
##P.P###...#####.#..
...........#
#P#@#P##...# #.#..
)....).....#
##.♣.###...# #.#..
...........####♣#♣#
##### #.#.#
.............# #.#.#
....######...#####
#.#.#
.................#
#.#.#
#+#.#######......#
#.#.# #.#.# #†.....#
#.#.# #.#.# #....?.#
#.#.#


There were no monsters in sight!

Vanquished Creatures
  An endoplasm (D:1)
  A goblin (D:1)
  2 hobgoblins (D:1)
  4 jackals (D:1)
  A kobold (D:1)
  A ball python (D:1)
  2 bats (D:1)
  A frilled lizard (D:1)
13 creatures vanquished.

Notes
Turn   | Place    | Note
-------+----------+-------------------------------------------
     0 | D:1      | Demosthentine the Demonspawn Gladiator began the quest for
                  | the Orb.
     0 | D:1      | Reached XP level 1. HP: 16/16 MP: 1/1
   589 | D:1      | Gained mutation: You have sharp fingernails. [demonic
                  | ancestry]
   589 | D:1      | Reached XP level 2. HP: 22/22 MP: 2/2
   748 | D:$      | Got out of the dungeon alive.

Illustrated notes

Levels and vault maps discovered:
D:1:      tarquinn_simple_flora_water_d, layout_basic, amethyst_killhole

Action                     || total
---------------------------++-------
  Melee: Trident           ||    43
 Armour: Leather armour    ||    14
  Dodge: Dodged            ||    33

Table legend: (Time is in decaauts)
 A = Elapsed time spent in this place.
 B = Non-inter-level travel time spent in this place.
 C = Inter-level travel time spent in this place.
 D = Time resting spent in this place.
 E = Time spent auto-exploring this place.
 F = Levels seen in this place.
 G = Mean time per level.
                   A        B        C        D        E       F      G
               +--------+--------+--------+--------+--------+-----+--------+
         Total |    754 |    648 |    106 |      0 |    536 |   1 |  754.0 |
       Dungeon |    754 |    648 |    106 |      0 |    536 |   1 |  754.0 |
               +--------+--------+--------+--------+--------+-----+--------+

Top non-repeatable levels by time:
     D:1: 754 daAuts
